Map: Beckett Industries LE

Players

Dingles

  • Race: Protoss Protoss
  • League: Diamond

ViBE - Winner!

  • Race: Zerg Zerg
  • League: Diamond

VOD

Have the link to the VOD?

Description

Time

  • Played on: April 20, 2021, 9:51 p.m.
  • Length: 13:17
Show
View Real Time Build Order
Export as new Build Order

Dingles Protoss 

Build Orders: 1 Gate Expand, Archon Immortal 

Get SALT Encoding   

  12  0:00  Probe  
  13  0:12  Probe  
  14  0:23  Pylon  
  14  0:24  Probe  
  15  0:41  Probe (Chrono Boost)  
  15  0:42  Gateway  
  16  0:53  Probe (Chrono Boost)  
  17  0:59  Probe (Chrono Boost)  
  17  1:01  Assimilator  
  18  1:07  Probe  
  19  1:19  Probe  
  20  1:26  Nexus  
  20  1:31  Probe  
  21  1:40  Cybernetics Core  
  21  1:43  Probe  
  22  1:49  Assimilator  
  22  1:54  Pylon  
  22  1:59  Probe  
  23  2:13  Probe (Chrono Boost)  
  23  2:14  Stalker (Chrono Boost)  
  24  2:21  Probe (Chrono Boost)  
  27  2:26  Gateway  
  27  2:27  Probe  
  28  2:39  Probe (Chrono Boost)  
  28  2:42  Stargate  
  29  2:45  Adept  
  29  2:46  Warp Gate  
  29  2:49  Probe (Chrono Boost)  
  33  3:00  Probe x2 (Chrono Boost)  
  34  3:06  Probe x2  
  36  3:15  Shield Battery  
  36  3:18  Probe x2  
  40  3:20  Void Ray (Chrono Boost)  
  40  3:25  Pylon  
  40  3:30  Probe  
  40  3:32  Probe  
  44  3:41  Adept  
  44  3:43  Adept, Probe  
  44  3:47  Pylon  
  49  3:50  Probe  
  49  3:55  Probe  
  51  3:59  Void Ray  
  51  4:05  Probe  
  56  4:13  Probe  
  56  4:14  Nexus  
  57  4:17  Pylon  
  57  4:21  Pylon  
  57  4:26  Probe (Chrono Boost)  
  57  4:28  Assimilator  
  57  4:29  Probe (Chrono Boost)  
  59  4:32  Assimilator  
  59  4:35  Zealot  
  59  4:36  Zealot  
  63  4:40  Probe (Chrono Boost)  
  63  4:44  Robotics Facility  
  64  4:54  Void Ray  
  64  4:55  Shield Battery, Probe  
  64  4:56  Probe  
  70  5:07  Probe  
  70  5:09  Zealot x2  
  75  5:15  Twilight Council  
  75  5:17  Probe  
  75  5:18  Forge  
  75  5:20  Probe  
  77  5:29  Probe  
  77  5:30  Probe  
  77  5:32  Probe  
  77  5:33  Void Ray  
  80  5:37  Immortal  
  80  5:40  Protoss Ground Weapons Level 1 (Chrono Boost)  
  80  5:42  Zealot  
  87  5:44  Probe (Chrono Boost)  
  87  5:46  Probe (Chrono Boost)  
  89  5:51  Zealot, Probe (Chrono Boost)  
  89  5:55  Probe (Chrono Boost), Charge (Chrono Boost)  
  93  5:57  Probe (Chrono Boost)  
  93  6:12  Pylon  
  93  6:14  Pylon  
  93  6:30  Probe (Chrono Boost)  
  93  6:31  Probe x2 (Chrono Boost)  
  96  6:34  Immortal  
  103  6:40  Probe x3 (Chrono Boost)  
  103  6:45  Probe (Chrono Boost)  
  104  6:51  Zealot x2, Probe  
  109  6:59  Templar Archives  
  109  7:13  Nexus  
  109  7:15  Pylon  
  109  7:18  Pylon  
  109  7:21  Assimilator  
  109  7:23  Gateway x2  
  109  7:24  Assimilator  
  109  7:25  Pylon, Gateway  
  109  7:33  Probe x3, Immortal  
  116  7:45  Probe x3, Photon Cannon  
  116  7:46  Shield Battery  
  116  7:47  Zealot, Photon Cannon  
  116  7:48  Zealot  
  116  7:49  Photon Cannon  
  123  7:51  Shield Battery  
  123  7:52  Protoss Ground Weapons Level 2 (Chrono Boost)  
  123  7:57  Probe x3  
  126  8:08  Templar Archives  
  126  8:09  Probe x2  
  126  8:11  Pylon  
  128  8:13  Zealot x2, Photon Cannon  
  128  8:14  Pylon  
  132  8:25  Zealot  
  132  8:26  Zealot x2  
  139  8:27  Probe x3, Photon Cannon  
  139  8:28  Probe  
  139  8:29  Shield Battery  
  142  8:35  Assimilator  
  142  8:36  Assimilator  
  142  8:39  Zealot x2, Probe x2  
  148  8:48  Probe x2  
  150  8:50  Gateway x2, High Templar x3  
  150  8:53  Gateway  
  150  8:55  Gateway, Archon  
  156  8:57  Probe x2  
  156  8:59  Pylon  
  156  9:00  Probe  
  159  9:08  Zealot  
  159  9:09  Zealot  
  161  9:21  Probe x2  
  159  9:26  Pylon  
  159  9:28  Pylon  
  144  9:31  Zealot  
  144  9:32  Zealot x4  
  144  9:35  Void Ray  
  144  9:36  Probe x2  
  154  9:42  Immortal (Chrono Boost)  
  162  9:51  High Templar  
  162  9:52  High Templar x8  
  180  9:55  Archon x2  
  180  9:56  Archon x2  
  180  10:03  Probe  
  180  10:04  Probe  
  182  10:11  Gateway  
  182  10:12  Gateway  
  182  10:14  Gateway  
  182  10:16  Gateway  
  182  10:18  Gateway  
  182  10:19  Observer (Chrono Boost)  
  183  10:22  Pylon  
  183  10:25  Pylon  
  183  10:26  Pylon  
  183  10:29  Pylon, Photon Cannon x2  
  183  10:32  Photon Cannon  
  183  10:38  Probe  
  182  10:46  High Templar x5  
  182  10:47  High Templar x4  
  200  10:50  Archon  
  200  10:51  Archon x3  
  151  11:15  Zealot  
  151  11:16  Zealot x4  
  151  11:18  Photon Cannon x2  
  160  11:21  Photon Cannon x2  
  160  11:22  Shield Battery  
  160  11:23  Photon Cannon  
  160  11:25  Photon Cannon x3  
  160  11:29  Photon Cannon  
  160  11:34  High Templar x5  
Show
View Real Time Build Order
Export as new Build Order

ViBE Zerg - Winner!

Build Orders: Hatch First, Lurkers 

Get SALT Encoding   

  12  0:00  Drone  
  13  0:13  Overlord  
  13  0:19  Drone  
  14  0:32  Drone x2  
  16  0:50  Hatchery  
  16  0:54  Drone  
  16  0:57  Drone  
  16  1:01  Drone  
  18  1:14  Extractor  
  18  1:15  Spawning Pool  
  16  1:21  Drone  
  16  1:22  Drone  
  18  1:36  Drone  
  19  1:54  Overlord  
  19  2:01  Drone x2  
  21  2:03  Queen x2  
  25  2:15  Metabolic Boost  
  25  2:19  Drone x3  
  28  2:36  Hatchery  
  27  2:42  Queen  
  29  2:48  Drone x3  
  29  2:49  Drone  
  33  2:56  Overlord  
  33  3:00  Overlord  
  33  3:15  Drone x3  
  36  3:33  Drone x5  
  41  3:36  Queen  
  43  3:53  Drone x3  
  43  3:54  Drone x4  
  50  3:57  Roach Warren  
  50  3:58  Lair  
  50  4:02  Overlord  
  49  4:08  Overlord  
  49  4:11  Zergling x2  
  50  4:19  Overlord x2  
  50  4:20  Queen x2  
  54  4:30  Drone x6  
  60  4:31  Drone  
  60  4:32  Drone x3  
  60  4:33  Drone  
  60  4:34  Drone, Overlord x2  
  66  4:40  Roach  
  66  4:41  Roach  
  69  4:56  Roach  
  69  4:57  Hatchery, Roach x2  
  69  4:58  Roach  
  76  5:03  Extractor  
  76  5:06  Extractor  
  74  5:07  Drone, Extractor x2  
  74  5:08  Drone x8  
  74  5:09  Extractor  
  80  5:14  Drone  
  80  5:15  Drone  
  82  5:26  Queen x2  
  86  5:31  Drone x3  
  86  5:32  Overlord x5  
  88  5:49  Evolution Chamber, Hydralisk Den  
  86  5:50  Evolution Chamber  
  86  5:55  Drone x2  
  86  5:56  Drone x2  
  86  5:57  Drone  
  90  5:58  Drone x4  
  90  6:00  Overseer  
  94  6:10  Overlord  
  94  6:11  Overlord  
  94  6:16  Drone x6  
  94  6:17  Drone x3  
  103  6:25  Zerg Ground Armor Level 1, Zerg Missile Weapons Level 1  
  103  6:26  Grooved Spines  
  103  6:31  Drone x8  
  111  6:35  Extractor  
  111  6:38  Extractor  
  109  6:48  Drone x3  
  109  6:50  Drone x3  
  115  6:56  Hydralisk  
  115  6:57  Hydralisk x5  
  127  7:01  Overlord  
  127  7:02  Overlord x3  
  127  7:13  Overlord x3  
  127  7:17  Hydralisk  
  127  7:18  Hydralisk x2  
  133  7:29  Hydralisk  
  133  7:30  Hydralisk x6  
  133  7:35  Infestation Pit  
  146  7:37  Hydralisk, Muscular Augments  
  146  7:38  Hydralisk x6  
  160  7:52  Hydralisk x6  
  172  8:02  Drone, Lurker Den  
  172  8:12  Hydralisk x4  
  172  8:13  Hydralisk x5  
  172  8:15  Hatchery, Drone  
  190  8:36  Hive  
  190  8:38  Zerg Missile Weapons Level 2  
  190  8:39  Zerg Ground Armor Level 2  
  190  8:40  Zergling x2  
  190  8:41  Zergling x18  
  176  9:27  Hydralisk x2  
  176  9:28  Hydralisk x17  
  196  9:55  Seismic Spines  
  196  10:04  Lurker x3  
  196  10:05  Lurker  
  200  10:16  Adrenal Glands  
  200  10:21  Spore Crawler  
  200  10:22  Spine Crawler  
  200  10:23  Spore Crawler, Spine Crawler  
  200  10:25  Spine Crawler x2  
  200  10:26  Spore Crawler  
  200  10:27  Spine Crawler  
  200  10:28  Spore Crawler, Spine Crawler  
  191  10:29  Spine Crawler  
  191  10:30  Spine Crawler x2  
  191  10:31  Drone x11  
  191  10:32  Drone x2  
  196  10:35  Extractor x2  
  194  10:52  Adaptive Talons  
  182  11:10  Overseer x2  
  178  11:19  Lurker x7  
  178  11:20  Lurker x2  
  166  11:45  Hatchery  
Tags
 
Add a new tag
Caveats
  • Supply blocks, unpowered buildings, or Contaminate may cause inaccurate times.
  • Supply counts are checked every 10 seconds.